Map: Blackburn LE

Players

AGOElazer (Elazer) - Winner!

  • Race: Zerg Zerg
  • League: Master

ShoWTimE

  • Race: Protoss Protoss
  • League: Grandmaster

Event: DreamHack SC2 Masters Last Chance 2022

VOD

Have the link to the VOD?

Description

Time

  • Played on: Dec. 19, 2021, 10:06 p.m.
  • Length: 9:52

All games in this series

Show
View Real Time Build Order
Export as new Build Order

AGOElazer Zerg - Winner!

Build Orders: Hatch First 

Get SALT Encoding   

  12  0:00  Drone  
  13  0:12  Overlord  
  13  0:16  Drone  
  14  0:30  Drone x2  
  16  0:48  Hatchery  
  15  0:51  Drone  
  15  0:54  Drone  
  17  0:58  Drone  
  18  1:06  Drone  
  18  1:08  Extractor  
  18  1:17  Spawning Pool  
  17  1:20  Drone  
  18  1:27  Drone  
  19  1:42  Drone  
  20  1:49  Hatchery  
  20  1:52  Drone  
  20  2:02  Drone  
  20  2:03  Queen  
  23  2:11  Drone  
  23  2:13  Drone  
  25  2:16  Overlord  
  25  2:23  Queen  
  25  2:27  Drone  
  28  2:34  Zergling x4  
  30  2:39  Queen  
  32  2:44  Drone x2  
  32  2:49  Metabolic Boost  
  34  2:54  Drone  
  35  2:58  Drone  
  35  2:59  Overlord  
  35  3:04  Queen  
  38  3:17  Drone x5  
  40  3:21  Drone  
  40  3:26  Drone x2  
  43  3:30  Overlord  
  43  3:32  Zergling x2  
  44  3:35  Spore Crawler  
  44  3:38  Zergling x4  
  45  3:43  Drone x2  
  47  3:50  Drone x5  
  47  3:53  Drone x2  
  53  3:56  Drone  
  53  4:04  Overlord  
  53  4:07  Drone x2  
  53  4:10  Spore Crawler  
  53  4:11  Drone x2  
  53  4:14  Spore Crawler  
  53  4:16  Drone x2  
  55  4:20  Overlord  
  55  4:22  Queen  
  59  4:24  Zergling x4  
  59  4:25  Zergling x2  
  59  4:28  Zergling x4  
  61  4:37  Zergling x8  
  65  4:39  Overlord  
  65  4:45  Zergling x4  
  65  4:50  Zergling x2  
  67  4:54  Zergling x6  
  68  5:00  Drone x5, Hatchery  
  68  5:02  Drone  
  72  5:10  Drone  
  72  5:12  Drone  
  72  5:13  Drone  
  72  5:19  Drone  
  71  5:22  Drone x6  
  71  5:24  Queen  
  71  5:25  Drone x2  
  80  5:30  Drone x2  
  80  5:32  Drone  
  80  5:33  Drone  
  80  5:37  Drone x2  
  80  5:42  Drone  
  82  5:43  Extractor x2  
  82  5:44  Roach Warren  
  82  5:45  Lair  
  82  5:47  Extractor  
  78  5:50  Drone x3, Extractor  
  78  5:51  Drone x2, Extractor  
  78  5:53  Spore Crawler  
  78  5:55  Drone, Spore Crawler  
  80  6:02  Overlord  
  80  6:03  Drone x2  
  82  6:11  Overlord  
  82  6:12  Evolution Chamber  
  82  6:17  Drone x7  
  88  6:24  Queen x2  
  92  6:26  Overlord  
  92  6:27  Drone x4  
  96  6:33  Roach x4  
  96  6:36  Overlord  
  96  6:39  Zerg Melee Weapons Level 1  
  103  6:42  Overlord  
  99  6:47  Drone  
  99  6:48  Drone x2, Spire  
  99  6:49  Drone x2  
  103  6:57  Zergling x12  
  103  6:59  Drone x3  
  112  7:07  Overlord  
  112  7:11  Drone x7  
  112  7:14  Extractor x2  
  112  7:15  Drone x2  
  119  7:17  Overlord  
  119  7:18  Glial Reconstitution  
  119  7:25  Overlord x2  
  119  7:32  Roach x4  
  119  7:33  Hatchery  
  126  7:37  Overlord  
  126  7:41  Roach x4  
  129  7:51  Zergling x10  
  129  7:56  Overseer  
  132  7:58  Overlord x2  
  132  8:07  Mutalisk  
  132  8:08  Mutalisk x9  
  152  8:17  Mutalisk x5  
  162  8:22  Roach x3  
  168  8:27  Overlord  
  168  8:28  Overlord  
  168  8:45  Overlord x2  
  168  8:46  Overlord x2  
  168  8:48  Roach x7  
  180  9:00  Drone x4  
  179  9:11  Zergling x2  
  179  9:12  Zergling x34  
  195  9:19  Zergling x12  
  189  9:24  Roach  
  189  9:25  Roach  
  181  9:32  Roach x6  
Show
View Real Time Build Order
Export as new Build Order

ShoWTimE Protoss 

Build Orders: 1 Gate Expand, Oracle Opening, Zealot Archon 

Get SALT Encoding   

  12  0:00  Probe  
  13  0:12  Probe  
  14  0:17  Pylon  
  14  0:24  Probe (Chrono Boost)  
  15  0:36  Probe (Chrono Boost)  
  15  0:38  Gateway  
  16  0:44  Probe (Chrono Boost)  
  16  0:46  Assimilator  
  17  0:51  Probe  
  18  1:03  Probe  
  19  1:15  Probe  
  20  1:24  Nexus  
  20  1:34  Cybernetics Core  
  20  1:36  Probe  
  21  1:41  Assimilator  
  21  1:48  Probe  
  21  1:52  Pylon  
  22  2:00  Probe  
  23  2:07  Adept (Chrono Boost)  
  23  2:12  Probe  
  26  2:20  Stargate  
  26  2:25  Probe (Chrono Boost)  
  26  2:27  Adept (Chrono Boost)  
  27  2:32  Warp Gate  
  27  2:36  Probe (Chrono Boost)  
  31  2:43  Probe (Chrono Boost)  
  31  2:45  Probe (Chrono Boost)  
  31  2:49  Probe (Chrono Boost)  
  31  2:50  Adept, Probe (Chrono Boost)  
  36  2:59  Pylon  
  36  3:01  Probe  
  36  3:02  Probe  
  38  3:05  Oracle (Chrono Boost)  
  41  3:13  Probe  
  41  3:14  Probe  
  41  3:20  Adept  
  41  3:25  Probe  
  44  3:27  Probe  
  45  3:35  Oracle (Chrono Boost)  
  45  3:37  Probe  
  45  3:39  Probe  
  50  3:50  Nexus  
  50  3:51  Probe x2  
  50  4:03  Probe  
  50  4:04  Gateway, Probe  
  52  4:15  Probe  
  52  4:16  Probe  
  54  4:18  Assimilator  
  54  4:20  Pylon  
  54  4:22  Assimilator  
  52  4:27  Probe  
  52  4:28  Probe  
  54  4:35  Pylon  
  54  4:38  Robotics Facility  
  54  4:39  Probe  
  54  4:40  Adept, Probe  
  54  4:43  Pylon  
  58  4:51  Forge  
  58  4:53  Probe x2  
  60  5:03  Probe  
  60  5:05  Adept x2, Probe x2  
  67  5:13  Oracle (Chrono Boost)  
  65  5:15  Probe, Shield Battery  
  65  5:17  Probe x2  
  65  5:18  Gateway  
  65  5:20  Gateway  
  65  5:25  Adept  
  65  5:27  Adept  
  70  5:29  Probe x2  
  70  5:30  Observer  
  72  5:37  Protoss Ground Weapons Level 1 (Chrono Boost)  
  72  5:41  Probe  
  68  5:44  Twilight Council  
  68  5:53  Warp Prism (Chrono Boost), Pylon  
  70  5:57  Gateway  
  70  5:59  Twilight Council  
  70  6:01  Pylon  
  70  6:10  Nexus  
  70  6:11  Charge (Chrono Boost)  
  70  6:13  Sentry x2  
  70  6:15  Sentry  
  70  6:17  Sentry  
  78  6:25  Pylon  
  78  6:28  Probe x2  
  78  6:29  Templar Archives  
  79  6:36  Pylon  
  79  6:37  Immortal (Chrono Boost)  
  83  6:40  Probe x2  
  85  6:50  Pylon  
  85  6:52  Pylon  
  85  6:59  Pylon  
  85  7:02  Probe, Pylon  
  86  7:12  High Templar x2  
  86  7:13  Immortal (Chrono Boost), Zealot x3  
  96  7:17  Archon  
  96  7:22  Gateway, Probe  
  101  7:24  Gateway, Probe  
  101  7:25  Probe  
  103  7:33  Assimilator  
  103  7:34  Probe  
  104  7:37  Assimilator  
  104  7:44  Phoenix (Chrono Boost)  
  106  7:45  Immortal, Probe  
  109  7:54  Probe  
  109  8:02  Zealot x4  
  109  8:05  Phoenix (Chrono Boost)  
  119  8:08  Pylon  
  119  8:10  Photon Cannon  
  119  8:14  Zealot  
  119  8:16  Photon Cannon  
  121  8:20  Photon Cannon, Probe  
  121  8:24  Probe  
  121  8:25  Zealot  
  125  8:28  Zealot  
  125  8:29  Zealot  
  129  8:38  Probe  
  129  8:39  Probe  
  131  8:42  High Templar x4  
  131  8:44  Probe, Pylon  
  131  8:46  Observer, Archon  
  131  8:47  Archon  
  141  8:49  Phoenix (Chrono Boost)  
  135  8:58  Probe  
  135  9:02  Shield Battery  
  134  9:05  Phoenix  
  134  9:07  Shield Battery  
  132  9:11  Zealot x3  
  129  9:20  Stalker x3  
  121  9:29  Zealot  
  115  9:34  Zealot x2  
  115  9:37  Sentry  
  109  9:44  Zealot x2  
  109  9:45  Zealot  
  103  9:49  Zealot  

Tags
 
Add a new tag
Caveats
  • Supply blocks, unpowered buildings, or Contaminate may cause inaccurate times.
  • Supply counts are checked every 10 seconds.